 Dungeon Crawl Stone Soup version 0.32-a0-131-g9dbbe29261 (webtiles) character file.

Game seed: 3356477834001345886

799 Mgcat the Trooper (level 7, -1/76 HPs)
             Began as an Oni Berserker on Feb 8, 2024.
             Was a Priest of Trog.
             Slain by a sky beast (6 damage)
             ... on level 6 of the Dungeon.
             The game lasted 00:08:11 (4978 turns).

Mgcat the Trooper (Oni Berserker)                   Turns: 4978, Time: 00:08:11

Health: -1/76      AC:  4    Str: 30    XL:     7   Next: 90%
Magic:  7/7        EV: 12    Int:  5    God:    Trog [***...]
Gold:   302        SH:  0    Dex: 19    Spells: 6/6 levels left

rFire   + . .        o - +0 war axe
rCold   + + .        (no shield)
rNeg    . . .        s - +1 robe of Happiness {-Cast rC+ Regen+ Int-3 Dex+9}
rPois   .            (helmet restricted)
rElec   .            y - scarf {rC+ rF+}
rCorr   .            (gloves unavailable)
SInv    .            (boots unavailable)
Will    .....        (no amulet)
Stlth   +++          a - +6 ring of strength
HPRegen 1.12/turn    (no ring)
MPRegen 0.10/turn

%: no spellcasting
@: mighty, on berserk cooldown, slowed, very slow
A: large, unfitting armour, horns 1, tough skin 1, double potion healing,
drunken brawling, thin skeletal structure 1, wild magic 1, evolution 1
a: Renounce Religion, Berserk, Trog's Hand


You were on level 6 of the Dungeon.
You worshipped Trog.
Trog was most pleased with you.
You visited 1 branch of the dungeon, and saw 6 of its levels.

You collected 302 gold pieces.

Inventory:

Hand Weapons
 o - a +0 war axe (weapon)
   (You found it on level 3 of the Dungeon)
Missiles
 g - 3 curare-tipped darts
Armour
 b - a +1 animal skin
 s - the +1 robe of Happiness (worn) {-Cast rC+ Regen+ Int-3 Dex+9}
   (You found it on level 4 of the Dungeon)

   Int-3:     It affects your intelligence (-3).
   Dex+9:     It affects your dexterity (+9).
   rC+:       It protects you from cold.
   -Cast:     It prevents spellcasting.
   Regen+:    It increases your rate of health regeneration.
 y - a scarf of resistance (worn)
   (You found it on level 5 of the Dungeon)
Jewellery
 a - a +6 ring of strength (left hand)
   (You found it on level 3 of the Dungeon)
Talismans
 j - a flux talisman
   (You found it on level 1 of the Dungeon)
Wands
 t - a wand of flame (8)
   (You found it on level 4 of the Dungeon)
Scrolls
 c - 2 scrolls of vulnerability {unknown}
 d - a scroll of revelation {unknown}
 e - 2 scrolls of poison {unknown}
 f - 2 scrolls of identify
 h - a scroll of amnesia {unknown}
 k - a scroll of enchant weapon {unknown}
 n - a scroll of fear {unknown}
 p - a scroll of enchant armour
 q - a scroll of noise {unknown}
 r - a scroll of torment {unknown}
 x - a scroll of immolation {unknown}
Potions
 i - a potion of brilliance
 l - a potion of attraction {!q}
 m - a potion of mutation {!q}
 u - a potion of invisibility
 v - a potion of curing
 w - a potion of might


   Skills:
 + Level 6.9 Fighting
 * Level 6.9 Axes
 + Level 4.5 Dodging


You had 6 spell levels left.
You didn't know any spells.
Your spell library was empty.

Dungeon Overview and Level Annotations

Branches:
Dungeon (6/15)
 Temple: D:4-7

Altars:
Hepliaklqana
Okawaru
Sif Muna
Vehumet
Yredelemnul
Zin

Shops:
D:3 :


Innate Abilities, Weirdness & Mutations

You are too large for most types of armour.
You have a pair of small horns on your head.
You have tough skin. (AC +1)
You gain doubled healing and magic from potions.
Whenever you drink a healing potion, you attack all around you.
You have a somewhat thin skeletal structure. (Dex +2, Stealth+)
Your spells are a little harder to cast, but a little more powerful.
You have hidden genetic potential.


Message History

You are more poisoned.
The water moccasin poisons you! The water moccasin barely misses you.
You take 9 damage, and have 66/76 hp.
Spoiler Alert: The water moccasin is fast and can poison!
You miss the water moccasin.
The water moccasin is severely wounded.
You feel extremely sick. The water moccasin closely misses you.
The sky beast flickers out of sight!
Deactivating autopickup; reactivate with Ctrl-A.
The water moccasin bites you but does no damage.
You take 5 damage, and have 61/76 hp.
Spoiler Alert: The water moccasin is fast and can poison!
A red film seems to cover your vision as you go berserk!
You feel yourself moving faster!
You feel mighty!
You feel very sick. The water moccasin closely misses you.
You now have 89/114 hp.
You slash the water moccasin!
You kill the water moccasin!
Trog accepts your kill.
You hit the iguana.
You feel very sick. The iguana bites you.
You take 7 damage, and have 82/114 hp.
You are too injured to fight recklessly!
You are too injured to fight recklessly!
You are too injured to fight recklessly!
You are too injured to fight recklessly!
You are too injured to fight recklessly!
You are too injured to fight recklessly!
You slash the iguana!
The iguana is almost dead.
You feel sick. The iguana bites you.
You take 5 damage, and have 77/114 hp.
You slash the iguana!
You kill the iguana!
Trog accepts your kill.
You miss something.
You feel sick.
You take 1 damage, and have 76/114 hp.
You feel sick.
A sky beast appears from thin air!
Reactivating autopickup.
You take 1 damage, and have 75/114 hp.
You feel a strong urge to attack something.
You feel sick.
The sky beast attacks as it pursues you!
The sky beast hits you but does no damage.
You closely miss the sky beast.
You feel sick.
You closely miss the sky beast.
You feel sick.
The sky beast flickers out of sight!
Deactivating autopickup; reactivate with Ctrl-A.
Something hits you. Something shocks you.
You take 6 damage, and have 69/114 hp.
You miss something.
You feel sick. Something hits you. Something shocks you.
You take 9 damage, and have 60/114 hp.
You closely miss something. Your headbutt misses something. Something hits you.
Something shocks you.
You take 6 damage, and have 54/114 hp.
You miss something.
You feel sick.
You closely miss something. Your headbutt misses something.
You feel sick. Something hits you. Something shocks you.
You take 9 damage, and have 45/114 hp.
You barely miss something.
You feel sick. Something hits you. Something shocks you.
You take 7 damage, and have 38/114 hp.
You completely miss something. You headbutt something.
You are no longer berserk.
You are exhausted.
You feel yourself slow down. Something hits you. Something shocks you.
* * * LOW HITPOINT WARNING * * *
You now have 19/76 hp.
Unknown command.
Unknown command.
Unknown command.
You take a swig of the potion and twirl your +0 war axe.
You barely miss something. Your headbutt misses something.
You savour every drop.
You feel better. Something barely misses you.
You regained 12 hp, and now have 31/76 hp.
You feel very mighty all of a sudden. Something hits you. Something shocks you.
Something hits you.
* * * LOW HITPOINT WARNING * * *
Something shocks you.
* * * LOW HITPOINT WARNING * * *
You take 14 damage, and have 17/76 hp.
You miss something. Something hits you but does no damage.
You regained 2 hp, and now have 19/76 hp.
You barely miss something. Something hits you.
* * * LOW HITPOINT WARNING * * *
Something shocks you.
* * * LOW HITPOINT WARNING * * *
Something hits you but does no damage.
You take 8 damage, and have 11/76 hp.
You barely miss something. Your headbutt misses something. Something hits you.
* * * LOW HITPOINT WARNING * * *
Something shocks you.
* * * LOW HITPOINT WARNING * * *
Something hits you.
* * * LOW HITPOINT WARNING * * *
Something shocks you.
You die...

## .#...^# #..
......# #.# ......#
#.# ......#
#.###......#
#.##†.......
##.##........
#...{........
#..@)........ #...
#.######+#.######...
#........#.....##..<
########.......##...
#....'.......##...
#.####............
#.# #............
#.# #<...........
#.# #..).......##


There were no monsters in sight!

Vanquished Creatures
  A water moccasin (D:6)
  A black bear (D:5)
  A phantom (D:5)
  3 scorpions
  A water moccasin zombie (D:3)
  A howler monkey (D:5)
  2 iguanas
  Terence (D:2)
  7 adders
  4 ufetubi
  2 dart slugs
  A ribbon worm (D:3)
  8 orcs
  9 endoplasms
  7 giant cockroaches
  8 goblins
  8 hobgoblins
  6 kobolds
  6 quokkas
  8 ball pythons
  6 bats
  A frilled lizard (D:2)
  A quokka zombie (D:3)
  8 rats
101 creatures vanquished.

Notes
Turn   | Place    | Note
-------+----------+-------------------------------------------
     0 | D:1      | Mgcat the Oni Berserker began the quest for the Orb.
     0 | D:1      | Reached XP level 1. HP: 24/24 MP: 1/1
   170 | D:1      | Reached XP level 2. HP: 30/32 MP: 2/2
   369 | D:1      | Found a faded altar of an unknown god.
   569 | D:1      | Reached XP level 3. HP: 40/40 MP: 3/3
   762 | D:2      | Noticed Terence
   830 | D:2      | Reached ** piety under Trog
   875 | D:2      | Reached skill level 4 in Axes
  1133 | D:2      | Reached XP level 4. HP: 35/49 MP: 4/4
  1376 | D:2      | Killed Terence
  1377 | D:2      | Reached skill level 5 in Fighting
  1377 | D:2      | Reached skill level 3 in Dodging
  2299 | D:3      | Reached XP level 5. HP: 48/57 MP: 5/5
  2419 | D:3      | Found Sumepeid's Book Shoppe.
  2507 | D:3      | Found a glowing silver altar of Zin.
  2571 | D:3      | Reached skill level 5 in Axes
  2604 | D:3      | Found a basalt altar of Yredelemnul.
  2697 | D:3      | Found an iron altar of Okawaru.
  2697 | D:3      | Found a radiant altar of Vehumet.
  3174 | D:4      | Reached XP level 6. HP: 49/66 MP: 6/6
  3313 | D:4      | Gained mutation: You have a somewhat thin skeletal
                  | structure. (Dex +2, Stealth+) [potion of mutation]
  3313 | D:4      | Gained mutation: You have hidden genetic potential. [potion
                  | of mutation]
  3502 | D:4      | Identified the +1 robe of Happiness {-Cast rC+ Regen+ Int-3
                  | Dex+9}
  3589 | D:4      | Reached *** piety under Trog
  3612 | D:4      | Found a shimmering blue altar of Sif Muna.
  3824 | D:4      | Reached skill level 6 in Fighting
  4064 | D:5      | Entered Level 5 of the Dungeon
  4197 | D:5      | Noticed a black bear
  4204 | D:5      | Killed a black bear
  4205 | D:5      | Reached skill level 6 in Axes
  4205 | D:5      | Reached skill level 4 in Dodging
  4205 | D:5      | Reached XP level 7. HP: 75/75 MP: 7/7
  4209 | D:5      | Gained mutation: Your spells are a little harder to cast,
                  | but a little more powerful. [hidden potential]
  4703 | D:5      | Found a hazy altar of Hepliaklqana.
  4973 | D:6      | HP: 19/76 [something (5)]
  4978 | D:6      | HP: 12/76 [something (1)]
  4978 | D:6      | HP: 5/76 [something (1)]
  4978 | D:6      | Slain by a sky beast

Illustrated notes

Levels and vault maps discovered:
D:1:      amcnicky_arrival_abandoned_market, layout_basic,
          ebering_ecumenical_altar_rust, chequers_serial_rivers_room_a,
          minmay_tetromino_l4
D:2:      layout_basic, guppyfry_early_orc_mine, uniq_terence
D:3:      layout_basic, lemuel_zombie_altar_yredelemnul,
          gammafunk_temple_overflow_elements, mainiacjoe_overflow_alcove_4,
          serial_shops, shop, minmay_gold_behind_fungi, nicolae_the_louvre
D:4:      layout_rooms, lemuel_doored_altar, serial_aquarium,
          aquarium_bridge_long_separate [aquarium_subvault_window,
          aquarium_subvault_bridge, aquarium_subvault_bridge,
          aquarium_subvault_wall, aquarium_subvault_balcony,
          aquarium_subvault_bridge], aquarium_bridge_straight
          [aquarium_subvault_bridge, aquarium_subvault_wall,
          aquarium_subvault_bridge, aquarium_subvault_wall],
          aquarium_window_fake, aquarium_window_fake, aquarium_window_1,
          aquarium_window_corridor_3, aquarium_view_2d,
          aquarium_balcony_double_3, aquarium_pool_double
D:5:      layout_basic, kennysheep_mini, kennysheep_nub
D:6:      layout_basic, mainiacjoe_overflow_concentric_impassable,
          uniq_blork_the_orc

Skill      XL: |  1  2  3  4  5  6 |
---------------+-------------------+-----
Axes           | 4 5 6 |  6.9
Fighting       | 5 6 |  6.9
Dodging        | 3 4 |  4.5

Action                     |  1- 3 |  4- 6 |  7- 9 || total
---------------------------+-------+-------+-------++-------
  Melee: Hand axe          |    79 |    74 |       ||   153
         Headbutt          |     4 |    25 |     5 ||    34
         Punch             |     1 |     4 |     1 ||     6
         War axe           |       |    80 |    37 ||   117
 Invoke: Berserk           |       |     2 |     2 ||     4
    Use: Potion            |       |     3 |     2 ||     5
         Scroll            |       |       |     4 ||     4
   Stab: Sleeping          |     1 |     4 |     1 ||     6
 Armour: Animal skin       |    44 |    96 |       ||   140
         Robe              |       |    10 |    39 ||    49
  Dodge: Dodged            |    32 |    75 |    29 ||   136

Table legend: (Time is in decaauts)
 A = Elapsed time spent in this place.
 B = Non-inter-level travel time spent in this place.
 C = Inter-level travel time spent in this place.
 D = Time resting spent in this place.
 E = Time spent auto-exploring this place.
 F = Levels seen in this place.
 G = Mean time per level.
                   A        B        C        D        E       F      G
               +--------+--------+--------+--------+--------+-----+--------+
         Total |   5036 |   4874 |    162 |    429 |   3694 |   6 |  839.3 |
       Dungeon |   5036 |   4874 |    162 |    429 |   3694 |   6 |  839.3 |
               +--------+--------+--------+--------+--------+-----+--------+

Top non-repeatable levels by time:
     D:2: 1480 daAuts
     D:4: 1097 daAuts
     D:5: 812 daAuts
     D:1: 791 daAuts
     D:3: 737 daAuts
     D:6: 117 daAuts

Levels and vault maps discovered:
D:1:      amcnicky_arrival_abandoned_market, layout_basic,
          ebering_ecumenical_altar_rust, chequers_serial_rivers_room_a,
          minmay_tetromino_l4
D:2:      layout_basic, guppyfry_early_orc_mine, uniq_terence
D:3:      layout_basic, lemuel_zombie_altar_yredelemnul,
          gammafunk_temple_overflow_elements, mainiacjoe_overflow_alcove_4,
          serial_shops, shop, minmay_gold_behind_fungi, nicolae_the_louvre
D:4:      layout_rooms, lemuel_doored_altar, serial_aquarium,
          aquarium_bridge_long_separate [aquarium_subvault_window,
          aquarium_subvault_bridge, aquarium_subvault_bridge,
          aquarium_subvault_wall, aquarium_subvault_balcony,
          aquarium_subvault_bridge], aquarium_bridge_straight
          [aquarium_subvault_bridge, aquarium_subvault_wall,
          aquarium_subvault_bridge, aquarium_subvault_wall],
          aquarium_window_fake, aquarium_window_fake, aquarium_window_1,
          aquarium_window_corridor_3, aquarium_view_2d,
          aquarium_balcony_double_3, aquarium_pool_double
D:5:      layout_basic, kennysheep_mini, kennysheep_nub
D:6:      layout_basic, mainiacjoe_overflow_concentric_impassable,
          uniq_blork_the_orc

Table legend: (Time is in decaauts)
 A = Elapsed time spent in this place.
 B = Non-inter-level travel time spent in this place.
 C = Inter-level travel time spent in this place.
 D = Time resting spent in this place.
 E = Time spent auto-exploring this place.
 F = Levels seen in this place.
 G = Mean time per level.
                   A        B        C        D        E       F      G
               +--------+--------+--------+--------+--------+-----+--------+
         Total |   5036 |   4874 |    162 |    429 |   3694 |   6 |  839.3 |
       Dungeon |   5036 |   4874 |    162 |    429 |   3694 |   6 |  839.3 |
               +--------+--------+--------+--------+--------+-----+--------+

Top non-repeatable levels by time:
     D:2: 1480 daAuts
     D:4: 1097 daAuts
     D:5: 812 daAuts
     D:1: 791 daAuts
     D:3: 737 daAuts
     D:6: 117 daAuts

Table legend:
 A = Kills in this place as a percentage of kills in the entire game.
 B = Kills by you in this place as a percentage of kills by you in the entire game.
 C = Kills by friends in this place as a percentage of kills by friends in the entire game.
 D = Other kills in this place as a percentage of other kills in the entire game.
 E = Experience gained in this place as a percentage of experience gained in the entire game.
 F = Experience gained in this place divided by the number of levels of this place that you have seen.
                   A       B       C       D       E      F
               +-------+-------+-------+-------+-------+----------------------
         Total | 100.0 | 100.0 |   N/A |   N/A | 100.0 | 190.3
       Dungeon | 100.0 | 100.0 |   N/A |   N/A | 100.0 | 190.3
               +-------+-------+-------+-------+-------+----------------------
